 Dungeon Crawl Stone Soup version 0.14-a0-445-g388476e (webtiles) character file.

359 PolkaDot the Grave Robber (level 5, 0/35 HPs)
             Began as a Vampire Necromancer on Oct 30, 2013.
             Was an Initiate of Vehumet.
             Slain by a giant gecko (2 damage)
             ... on Level 4 of the Dungeon.
             The game lasted 00:11:17 (2016 turns).

PolkaDot the Grave Robber (Vampire Necromancer)     Turns: 2016, Time: 00:11:17

HP   0/35        AC  3     Str  7      XL: 5   Next: 32%
MP   7/9         EV 12     Int 18      God: Vehumet [......]
Gold 180         SH  0     Dex 14      Spells:  2 memorised,  2 levels left

Res.Fire  : . . .   See Invis. : +   i - +2,+1 dagger (venom)
Res.Cold  : . . .   Warding    : .   a - +0 robe
Life Prot.: + . .   Conserve   : .   (no shield)
Res.Poison: .       Res.Corr.  : .   (no helmet)
Res.Elec. : .       Clarity    : .   (no cloak)
Sust.Abil.: . .     Spirit.Shd : .   e - +0 pair of elf gauntlets
Res.Mut.  : .       Stasis     : .   (no boots)
Res.Rott. : .       Flight     : .   (no amulet)
Saprovore : . . .                    (no ring)
                                     d - ring of positive energy {unknown}

@: regenerating quickly, slightly resistant to hostile enchantments, stealthy
A: fangs 3, see invisible, unbreathing
a: Renounce Religion


You were on level 4 of the Dungeon.
You worshipped Vehumet.
Vehumet was noncommittal.
You were full.

You visited 1 branch of the dungeon, and saw 4 of its levels.

You collected 160 gold pieces.

Inventory:

Hand weapons
 i - a +2,+1 dagger of venom (weapon)
Armour
 a - a +0 robe (worn)
 e - a +0 pair of elven gauntlets (worn)
Scrolls
 c - a scroll of remove curse {unknown}
 g - 5 scrolls of identify {unknown}
 k - a scroll of enchant armour {unknown}
 n - a scroll of recharging {unknown}
 o - 2 scrolls of curse jewellery {unknown}
 r - a scroll of blinking {unknown}
 s - a scroll of teleportation {unknown}
Jewellery
 d - a ring of positive energy (left hand) {unknown}
Potions
 f - a potion of flight {unknown}
 h - a potion of might {unknown}
 j - a potion of slowing {unknown}
 l - 2 potions of paralysis {unknown}
 m - a potion of mutation {unknown}
 p - a potion of speed {unknown}
 q - a potion of confusion {unknown}
 t - a potion of degeneration {unknown}
Books
 b - a book of Necromancy

   Spells                             Type                      Level
   *Pain                              Necromancy                   1
   Animate Skeleton                   Necromancy                   1
   Lethal Infusion                    Charms/Necromancy            2
   *Vampiric Draining                 Necromancy                   3
   Regeneration                       Charms/Necromancy            3
   Animate Dead                       Necromancy                   4
   Control Undead                     Necromancy                   4


   Skills:
 - Level 2.1 Dodging
 - Level 3.0 Stealth
 - Level 1.0 Spellcasting
 * Level 7.3 Necromancy


You had 2 spell levels left.
You knew the following spells:

 Your Spells              Type           Power        Failure   Level  Hunger
a - Pain                  Necr           ####         1%          1    ##.....
b - Vampiric Draining     Necr           ####......   2%          3    ####...


Dungeon Overview and Level Annotations

Branches:
Dungeon (4/27)
 Temple: D:4-7

Altars:
Cheibriados
Makhleb
Nemelex Xobeh
Sif Muna
Vehumet
Yredelemnul

Portals:
Sewer: D:4


Innate Abilities, Weirdness & Mutations

Your natural rate of healing is unusually fast.
You have razor-sharp teeth.*
You have supernaturally acute eyesight.
You can survive without breathing.*


Message History

Aiming: Pain
Press: ? - help, Shift-Dir - straight line, f - giant gecko
Aim: a giant gecko The giant gecko convulses in agony!
You kill the giant gecko!
Vehumet accepts your kill. The giant cockroach bites you.
* * * LOW HITPOINT WARNING * * *
The giant gecko bites you.
* * * LOW HITPOINT WARNING * * *
Casting: Pain
Confirm with . or Enter, or press ? or * to list all spells.
Aiming: Pain
Press: ? - help, Shift-Dir - straight line, f - giant cockroach
Aim: a giant cockroach The giant cockroach convulses in agony!
You kill the giant cockroach!
Vehumet accepts your kill. The giant gecko bites you.
You die...

##### #...########
#..%.≈≈≈≈≈≈≈
#...%%≈≈≈∩≈≈≈
#...@l≈≈≈≈≈≈≈
#...###########
#.............#
#####.......##.#.#
+...'....).........
#####....#..######.
##'#...........
#.###...######
#.#<....#


You could see a giant gecko.

Vanquished Creatures
  An ogre (D:4)
  An orc wizard (D:3)
  An inept feature mimic (D:3)
  4 orcs (D:3)
  3 giant cockroaches
  8 goblins
  4 hobgoblins
  5 kobolds
  2 ball pythons
  3 bats (D:1)
  7 giant geckos
  3 giant newts
  10 jackals
  7 rats
59 creatures vanquished.

Notes
Turn   | Place    | Note
--------------------------------------------------------------
     0 | D:1      | PolkaDot, the Vampire Necromancer, began the quest for the Orb.
     0 | D:1      | Reached XP level 1. HP: 13/13 MP: 4/4
   263 | D:1      | Reached XP level 2. HP: 19/19 MP: 5/5
   270 | D:1      | Reached skill level 5 in Necromancy
   874 | D:2      | Reached XP level 3. HP: 6/24 MP: 6/6
   875 | D:2      | HP: 1/24 [jackal (3)]
  1399 | D:3      | Found a radiant altar of Vehumet.
  1402 | D:3      | Found a burning altar of Makhleb.
  1403 | D:3      | Found a basalt altar of Yredelemnul.
  1404 | D:3      | Found a snail-covered altar of Cheibriados.
  1408 | D:3      | Found a sparkling altar of Nemelex Xobeh.
  1426 | D:3      | Became a worshipper of Vehumet
  1431 | D:3      | Learned a level 3 spell: Vampiric Draining
  1496 | D:3      | Reached skill level 6 in Necromancy
  1496 | D:3      | Reached XP level 4. HP: 15/30 MP: 4/8
  1779 | D:3      | Found a deep blue altar of Sif Muna.
  1885 | D:4      | Noticed an ogre
  1893 | D:4      | Killed an ogre
  1893 | D:4      | Reached skill level 7 in Necromancy
  1893 | D:4      | Reached XP level 5. HP: 11/35 MP: 3/9
  1912 | D:4      | Found a glowing drain.
  2016 | D:4      | Slain by a giant gecko

Action                   |  1- 3 |  4- 6 || total
-------------------------+-------+-------++-------
Melee: Short sword       |     9 |       ||     9
       Dagger            |    92 |    34 ||   126
 Cast: Pain              |    22 |    11 ||    33
  Use: Potion            |     3 |       ||     3
 Stab: Sleeping          |     2 |     1 ||     3
